 Dungeon Sprint DCSS version 0.19-a0-1861-g35def1e (webtiles) character file.

3800000 wazuzu the Archmage (level 26, 305/314 HPs)
             Began as a Demonspawn Warper on Oct 12, 2016.
             Was the Champion of Makhleb.
             Quit the game in the Dungeon (Sprint VIII: "Arena of Blood").
             The game lasted 00:05:29 (38 turns).

wazuzu the Archmage (Demonspawn Warper)               Turns: 38, Time: 00:05:30

Health: 305/314    AC:  6    Str: 17    XL:     26   Next: 8%
Magic:  53/54      EV: 36    Int: 17    God:    Makhleb [******]
Gold:   0          SH:  0    Dex: 22    Spells: 0 memorised, 79 levels left

rFire  . . .     SeeInvis .     l - +∞ Axe of Woe
rCold  . . .     Gourm    .     b - +0 leather armour
rNeg   . . .     Faith    .     (shield currently unavailable)
rPois  .         Spirit   +     (no helmet)
rElec  .         Dismiss  .     (no cloak)
rCorr  .         Reflect  .     (no gloves)
MR     +....     Harm     .     (boots unavailable)
Stlth  +++++++++. NoTele   +    (no amulet)
                                (no ring)
                                (no ring)

@: mighty
A: hooves 3, powered by pain 3, robust 3, magic shield, magic regeneration,
sturdy frame 3
a: Minor Destruction, Lesser Servant of Makhleb, Major Destruction, Greater
Servant of Makhleb, Renounce Religion


You were in the Dungeon.
You worshipped Makhleb.
Makhleb was exalted by your worship.
You were not hungry.

You visited 1 branch

Inventory:

Hand Weapons
 a - a +0 hand axe
 l - the +∞ Axe of Woe (weapon)
   (You found it in the Dungeon)
Missiles
 e - 5 tomahawks of dispersal (quivered)
Armour
 b - a +0 leather armour (worn)
Scrolls
 d - 2 scrolls of blinking
Potions
 g - a potion of curing
 h - a potion of heal wounds
 i - a potion of haste
 j - 2 potions of magic
 k - a potion of berserk rage
Books
 c - a book of Spatial Translocations

   Spells                             Type                      Level
   a - Blink                          Translocation                2
   b - Shroud of Golubria             Charms/Translocation         2
   c - Lesser Beckoning               Translocation                3
   d - Portal Projectile              Translocation                3
   e - Teleport Other                 Translocation                3
   f - Passage of Golubria            Translocation                4
Comestibles
 f - a bread ration


   Skills:
 O Level 27 Fighting
 O Level 27 Axes
 O Level 27 Throwing
 O Level 27 Armour
 O Level 27 Dodging
 O Level 27 Stealth
 O Level 27 Unarmed Combat
 O Level 27 Spellcasting
   Level 2.6 Translocations
 O Level 27 Invocations


You had 79 spell levels left.
You didn't know any spells.

Dungeon Overview and Level Annotations

Branches:
Dungeon (1/1)

Altars:
Makhleb


Innate Abilities, Weirdness & Mutations

You have hooves in place of feet.
You are powered by pain.
You are extremely robust. (+30% HP)
When hurt, damage is shared between your health and your magic reserves.
You regenerate magic rapidly.
Your movements are significantly less encumbered by armour. (ER -6)


Message History

You fatally mangle the bag of meat.
You kill the bag of meat!
Makhleb accepts your kill.
You slash the destroyer!
You dissect the destroyer like a pig carcass.
You destroy the destroyer!
Makhleb accepts your kill.
You have reached level 26!
You are engulfed in roaring flames.
You hear a shout! x11
The destroyer blinks!
You hear a shout!
The bag of meat is engulfed in roaring flames.
The meat berserker rages.
The destroyer blinks!
The destroyer is engulfed in roaring flames.
The destroyer blinks!
An orc and a vampire knight come into view.
The destroyer is wielding a +9 great sword of slicing.
Are you sure you want to abandon this character and quit the game? (Confirm with "yes".)

............
..o.V......
........... ...
.......... ...
#...o...# ....
#...%.%.# .....
.###....§§§###.....
......###V@o§o...§.
......._§§oO)....V.
...§#...§§#)).....#
. #_.<._#V)o.%...
#....o#......#.
....._....V.V....
......###.........#
.###.. .§.###o....
#.. ...# ....o


You could see 6 destroyers, a meat berserker (berserk) and 8 bags of meat.

Vanquished Creatures
  2 vampire knights (D)
  17 ogres (D)
  29 orcs (D)
  4 hill giants (D)
52 creatures vanquished.

Notes
Turn   | Place    | Note
-------+----------+-------------------------------------------
     0 | D        | wazuzu the Demonspawn Warper began the quest for the Orb.
     0 | D        | Reached XP level 1. HP: 16/16 MP: 3/3
     3 | D        | Noticed a meat berserker
     4 | D        | Became a worshipper of Makhleb the Destroyer
     6 | D        | Killed a meat berserker
     6 | D        | Reached skill level 15 in Fighting
     6 | D        | Reached skill level 5 in Throwing
     6 | D        | Reached skill level 5 in Armour
     6 | D        | Gained mutation: You have large cloven feet. [demonic ancestry]
     6 | D        | Reached XP level 2. HP: 45/45 MP: 3/20
     6 | D        | Reached XP level 3. HP: 51/51 MP: 3/21
     6 | D        | Reached XP level 4. HP: 58/58 MP: 3/23
     6 | D        | Reached XP level 5. HP: 64/64 MP: 3/24
     6 | D        | Reached XP level 6. HP: 71/71 MP: 3/26
     6 | D        | Gained mutation: Your movements are slightly less encumbered by armour. (ER -2) [demonic ancestry]
     6 | D        | Reached XP level 7. HP: 77/77 MP: 3/27
     6 | D        | Gained mutation: When hurt, damage is shared between your health and your magic reserves. [demonic ancestry]
     6 | D        | Reached XP level 8. HP: 84/84 MP: 3/29
     6 | D        | Gained mutation: You sometimes gain a little power by taking damage. [demonic ancestry]
     6 | D        | Reached XP level 9. HP: 91/91 MP: 3/30
     6 | D        | Gained mutation: Your movements are less encumbered by armour. (ER -4) [demonic ancestry]
     6 | D        | Reached XP level 10. HP: 98/98 MP: 3/31
     6 | D        | Gained mutation: You have hoof-like feet. [demonic ancestry]
     6 | D        | Reached XP level 11. HP: 104/104 MP: 3/32
     6 | D        | Reached XP level 12. HP: 111/111 MP: 3/33
     6 | D        | Gained mutation: You have hooves in place of feet. [demonic ancestry]
     6 | D        | Reached XP level 13. HP: 117/117 MP: 3/34
     7 | D        | Noticed a bag of meat
     8 | D        | Noticed a meat berserker
     9 | D        | Noticed a meat berserker
     9 | D        | Noticed a bag of meat
    11 | D        | Noticed a meat berserker
    11 | D        | Noticed a meat berserker
    11 | D        | Noticed a bag of meat
    12 | D        | Noticed a bag of meat
    12 | D        | Noticed a bag of meat
    12 | D        | Noticed a bag of meat
    12 | D        | Noticed a meat berserker
    12 | D        | Killed a meat berserker
    12 | D        | Reached * piety under Makhleb
    12 | D        | Gained mutation: You regenerate magic rapidly. [demonic ancestry]
    12 | D        | Reached XP level 14. HP: 130/130 MP: 4/37
    13 | D        | Noticed a bag of meat
    13 | D        | Noticed a bag of meat
    13 | D        | Noticed a bag of meat
    13 | D        | Noticed a meat berserker
    13 | D        | Noticed a meat berserker
    13 | D        | Noticed a bag of meat
    14 | D        | Noticed a bag of meat
    14 | D        | Killed a bag of meat
    14 | D        | Killed a meat berserker
    14 | D        | Reached XP level 15. HP: 143/143 MP: 8/41
    15 | D        | Noticed a meat berserker
    15 | D        | Killed a meat berserker
    15 | D        | Reached ** piety under Makhleb
    15 | D        | Gained mutation: Your movements are significantly less encumbered by armour. (ER -6) [demonic ancestry]
    15 | D        | Reached XP level 16. HP: 74/154 MP: 9/43
    15 | D        | Killed a meat berserker
    15 | D        | Killed a meat berserker
    15 | D        | Reached skill level 10 in Armour
    15 | D        | Reached XP level 17. HP: 167/167 MP: 9/47
    17 | D        | Killed a meat berserker
    17 | D        | Reached *** piety under Makhleb
    17 | D        | Reached skill level 10 in Throwing
    17 | D        | Reached skill level 27 in Spellcasting
    17 | D        | Gained mutation: You sometimes gain power by taking damage. [demonic ancestry]
    17 | D        | Reached XP level 18. HP: 181/181 MP: 12/49
    17 | D        | Killed a meat berserker
    17 | D        | Reached skill level 27 in Fighting
    17 | D        | Reached skill level 27 in Axes
    18 | D        | Noticed a meat berserker
    18 | D        | Reached **** piety under Makhleb
    18 | D        | Reached skill level 27 in Dodging
    18 | D        | Reached XP level 19. HP: 189/189 MP: 13/50
    19 | D        | Killed a meat berserker
    19 | D        | Reached ***** piety under Makhleb
    20 | D        | Reached XP level 20. HP: 197/197 MP: 14/51
    20 | D        | Reached skill level 27 in Armour
    21 | D        | Noticed a meat berserker
    21 | D        | Noticed a meat berserker
    22 | D        | Noticed a meat berserker
    24 | D        | Noticed a meat berserker
    24 | D        | Reached skill level 27 in Throwing
    24 | D        | Killed a meat berserker
    24 | D        | Reached skill level 15 in Invocations
    24 | D        | Gained mutation: You are robust. (+10% HP) [demonic ancestry]
    24 | D        | Reached XP level 21. HP: 197/224 MP: 22/52
    25 | D        | Reached skill level 15 in Unarmed Combat
    26 | D        | Reached ****** piety under Makhleb
    27 | D        | Reached skill level 27 in Invocations
    27 | D        | Reached XP level 22. HP: 233/233 MP: 23/53
    27 | D        | Reached skill level 27 in Stealth
    28 | D        | Reached skill level 27 in Unarmed Combat
    30 | D        | Noticed a destroyer
    30 | D        | Gained mutation: You are powered by pain. [demonic ancestry]
    30 | D        | Reached XP level 23. HP: 240/240 MP: 20/54
    33 | D        | Noticed a destroyer
    33 | D        | Gained mutation: You are very robust. (+20% HP) [demonic ancestry]
    33 | D        | Reached XP level 24. HP: 240/272 MP: 21/54
    33 | D        | Killed a destroyer
    36 | D        | Noticed a destroyer
    36 | D        | Noticed a destroyer
    36 | D        | Noticed a destroyer
    36 | D        | Noticed a destroyer
    36 | D        | Gained mutation: You are extremely robust. (+30% HP) [demonic ancestry]
    36 | D        | Reached XP level 25. HP: 268/304 MP: 49/54
    37 | D        | Noticed a destroyer
    37 | D        | Killed a destroyer
    37 | D        | Reached XP level 26. HP: 314/314 MP: 54/54
    38 | D        | Noticed a destroyer
    38 | D        | Quit the game

Vault maps used:
D:        meatsprint

Skill      XL: |  1  2  3  4  5  6  7  8  9 10 11 12 13 14 15 16 17 18 19 20 21 22 |
---------------+-------------------------------------------------------------------+-----
Fighting       | 15 18 20 22 24 26 27 | 27.0
Axes           | 14 16 19 21 23 26 27 | 27.0
Throwing       | 5 6 8 9 10 14 21 27 | 27.0
Armour         | 5 6 8 10 11 17 25 27 | 27.0
Dodging        | 14 16 19 20 22 23 27 | 27.0
Spellcasting   | 17 19 22 23 26 27 | 27.0
Stealth        | 14 26 27 | 27.0
Unarmed Combat | 13 24 27 | 27.0
Invocations    | 17 27 | 27.0
Translocations | |  2.6

Action                   |  1- 3 |  4- 6 |  7- 9 | 10-12 | 13-15 | 16-18 | 19-21 | 22-24 | 25-27 || total
-------------------------+-------+-------+-------+-------+-------+-------+-------+-------+-------++-------
Melee: Executioner's axe |     1 |       |       |       |     3 |     2 |     6 |     8 |     1 ||    21
Dodge: Dodged            |       |       |       |       |       |       |     1 |       |       ||     1
